 Dungeon Crawl Stone Soup version 0.29-a0-857-g9b1aa3ac5b (webtiles) character file.

Game seed: 1927774593104758670

74 porpoise the Poker (level 4, -1/34 (35) HPs)
             Began as a Barachi Gladiator on July 16, 2022.
             Slain by Crazy Yiuf
             ... wielding a +2 quarterstaff of chaos
              (6 damage)
             ... on level 2 of the Dungeon.
             The game lasted 00:05:32 (2073 turns).

porpoise the Poker (Barachi Gladiator)              Turns: 2073, Time: 00:05:34

HP:   -1/34 (35)    AC:  9    Str: 17    XL:     4   Next: 30%
MP:   4/4           EV: 10    Int:  9    God:
Gold: 65            SH:  0    Dex: 13    Spells: 3/3 levels left

rFire   . . .      SeeInvis +   a - +0 trident
rCold   . . .      Faith    .   (no shield)
rNeg    . . .      Spirit   .   r - +0 scale mail
rPois   .          Reflect  .   c - +0 helmet
rElec   .          Harm     .   n - +1 cloak
rCorr   .          Rampage  .   (no gloves)
Will    .....                   (no boots)
Stlth   ..........              (no amulet)
HPRegen 0.11/turn               p - ring of see invisible
MPRegen 0.09/turn               (no ring)

@: slowed, lightly drained, very slow
A: amphibious, slowness 1, strong legs 1, +LOS
a: Hop


You were on level 2 of the Dungeon.
You visited 1 branch of the dungeon, and saw 2 of its levels.

You collected 65 gold pieces.

Inventory:

Hand Weapons
 a - a +0 trident (weapon)
Missiles
 d - 3 throwing nets (quivered)
 e - a javelin
 f - 3 poisoned darts
Armour
 c - a +0 helmet (worn)
 n - a +1 cloak (worn)
 r - a +0 scale mail (worn)
Jewellery
 p - a ring of see invisible (left hand)
Scrolls
 b - a scroll of vulnerability {unknown}
 i - a scroll of fear {unknown}
 j - 2 scrolls of noise {unknown}
 l - 2 scrolls of torment {unknown}
 m - a scroll of blinking {unknown}
 q - a scroll of poison {unknown}
Potions
 g - a potion of cancellation {unknown}
 h - 2 potions of might {unknown}
 k - 2 potions of curing {unknown}
 o - a potion of ambrosia {unknown}


   Skills:
 + Level 3.5 Fighting
 * Level 4.4 Polearms
 - Level 2.0 Throwing
 - Level 3.2 Dodging


You had 3 spell levels left.
You didn't know any spells.
Your spell library contained the following spells:

 Spells                   Type           Power      Damage    Failure   Level
 Blink                    Tloc           0%         N/A       92%         2
 Manifold Assault         Tloc           0%         N/A       100%        5
 Storm Form               Tmut/Air       0%         N/A       100%        7


Dungeon Overview and Level Annotations

Branches:
Dungeon (2/15)

Altars:

Annotations:
D:2 Crazy Yiuf


Innate Abilities, Weirdness & Mutations

You are amphibious.
You cover ground slowly.
You can hop short distances.
You have an extended range of vision and can be seen from far away.


Message History

a +0 dagger; a +0 robe
Found a hammer.
Found a runed translucent door.
Crazy Yiuf shouts!
You open the door. You hit Crazy Yiuf.
Crazy Yiuf is moderately wounded.
Crazy Yiuf barely misses you.
You hit Crazy Yiuf but do no damage.
Crazy Yiuf is moderately wounded.
Crazy Yiuf hits you with a +2 quarterstaff of chaos!
You hit Crazy Yiuf.
Crazy Yiuf is moderately wounded.
Crazy Yiuf closely misses you.
You hit Crazy Yiuf but do no damage.
Crazy Yiuf is moderately wounded.
Crazy Yiuf hits you with a +2 quarterstaff of chaos.
Space warps around you.
You closely miss Crazy Yiuf.
Crazy Yiuf is moderately wounded.
Crazy Yiuf hits you with a +2 quarterstaff of chaos.
You feel drained.
You hit Crazy Yiuf.
Crazy Yiuf is moderately wounded.
Crazy Yiuf hits you with a +2 quarterstaff of chaos.
You feel yourself slow down.
Crazy Yiuf yells, "Whiteboard!"
Crazy Yiuf closely misses you.
You puncture Crazy Yiuf!
Crazy Yiuf is severely wounded.
Crazy Yiuf hits you with a +2 quarterstaff of chaos.
* * * LOW HITPOINT WARNING * * *
Crazy Yiuf draws strength from your wounds!
You hit Crazy Yiuf.
Crazy Yiuf is severely wounded.
Crazy Yiuf hits you with a +2 quarterstaff of chaos.
* * * LOW HITPOINT WARNING * * *
Crazy Yiuf burns you.
* * * LOW HITPOINT WARNING * * *
Crazy Yiuf hits you with a +2 quarterstaff of chaos.
You die...

## #. #########♣♣ ### ########.
#...##....♣♣ ♣♣#..)# #........
##...#......♣♣♣♣@g...# #........
.............♣..♣#...# ##........
............♣.♣♣♣ ### #.........
........##♣♣♣♣♣ #.........
........# #........#
........############# #........#
.........##.........# ##.......#
.........##........## #.......'
.####...###...##...######.......#


You could see Crazy Yiuf.

Vanquished Creatures
  Jessica (D:2)
  An adder (D:2)
  3 endoplasms
  3 giant cockroaches (D:2)
  6 goblins
  4 hobgoblins
  A kobold (D:1)
  3 quokkas (D:2)
  4 ball pythons
  6 bats
  2 frilled lizards
  2 rats (D:1)
36 creatures vanquished.

Vanquished Creatures (others)
  2 fungi (D:2)
  2 plants (D:2)
4 creatures vanquished.

Grand Total: 40 creatures vanquished

Notes
Turn   | Place    | Note
-------+----------+-------------------------------------------
     0 | D:1      | porpoise the Barachi Gladiator began the quest for the Orb.
     0 | D:1      | Reached XP level 1. HP: 17/17 MP: 1/1
   206 | D:1      | Reached XP level 2. HP: 23/23 MP: 2/2
  1102 | D:2      | Reached XP level 3. HP: 25/29 MP: 3/3
  1205 | D:2      | Reached skill level 4 in Polearms
  1462 | D:2      | Noticed Jessica
  1475 | D:2      | Killed Jessica
  1476 | D:2      | Reached XP level 4. HP: 5/35 MP: 4/4
  1771 | D:2      | Found a faded altar of an unknown god.
  2061 | D:2      | Found a runed translucent door.
  2062 | D:2      | Noticed Crazy Yiuf
  2073 | D:2      | Slain by Crazy Yiuf

Illustrated notes

Levels and vault maps discovered:
D:1:      dpeg_arrival_connections, layout_basic, minmay_fountain_box,
          serial_park_tiny_2, minmay_tripent
D:2:      layout_basic, dreamdust_ecumenical_altar_grove,
          mrwooster_statue_mirror, uniq_crazy_yiuf_cottage, uniq_jessica

Skill      XL: |  1  2  3 |
---------------+----------+-----
Fighting       | 3 |  3.5
Polearms       | 4 |  4.4
Throwing       | |  2.0
Dodging        | |  3.2

Action                   |  1- 3 |  4- 6 || total
-------------------------+-------+-------++-------
Melee: Trident           |   116 |    19 ||   135
Armor: Leather armour    |    47 |       ||    47
       Scale mail        |       |     4 ||     4
Dodge: Dodged            |    82 |     7 ||    89

Table legend: (Time is in decaauts)
 A = Elapsed time spent in this place.
 B = Non-inter-level travel time spent in this place.
 C = Inter-level travel time spent in this place.
 D = Time resting spent in this place.
 E = Time spent auto-exploring this place.
 F = Levels seen in this place.
 G = Mean time per level.
                   A        B        C        D        E       F      G
               +--------+--------+--------+--------+--------+-----+--------+
         Total |   2307 |   2254 |     53 |    615 |   1251 |   2 | 1153.5 |
       Dungeon |   2307 |   2254 |     53 |    615 |   1251 |   2 | 1153.5 |
               +--------+--------+--------+--------+--------+-----+--------+

Top non-repeatable levels by time:
     D:1: 1214 daAuts
     D:2: 1092 daAuts
